 Dungeon Crawl Stone Soup version 0.24.0-1-gfbc8707122 (webtiles) character file.

Game seed: 7909717789726176996, levelgen mode: deterministic

2788 Mrkan the Cleaver (level 9, 0/81 HPs)
             Began as a Deep Dwarf Fighter on Oct 27, 2019.
             Was an Initiate of Trog.
             Slain by an ogre
             ... wielding a +0 giant spiked club
              (20 damage)
             ... on level 8 of the Dungeon.
             The game lasted 00:11:41 (5037 turns).

Mrkan the Cleaver (Deep Dwarf Fighter)              Turns: 5037, Time: 00:11:42

Health: 0/81       AC: 10    Str: 22    XL:     9   Next: 43%
Magic:  7/7        EV:  9    Int:  8    God:    Trog [......]
Gold:   405        SH: 11    Dex: 14    Spells: 8/8 levels left

rFire    . . .     SeeInvis .   a - +0 war axe
rCold    . . .     Gourm    .   c - +0 shield
rNeg     . . .     Faith    .   h - +0 chain mail
rPois    .         Spirit   .   (no helmet)
rElec    .         Reflect  .   (no cloak)
rCorr    .         Harm     .   (no gloves)
MR       +....                  (no boots)
Stlth    ..........             (no amulet)
HPRegen  0.00/turn              (no ring)
MPRegen  0.10/turn              (no ring)

@: non-regenerating
A: damage resistance, heal wounds, sense surroundings 2, no regeneration
a: Heal Wounds, Renounce Religion


You were on level 8 of the Dungeon.
You worshipped Trog.
Trog was noncommittal.
You were not hungry.

You visited 2 branches of the dungeon, and saw 9 of its levels.
You also visited: Ossuary.

You collected 405 gold pieces.

Inventory:

Hand Weapons
 a - a +0 war axe (weapon)
 v - the +6 whip of Yninnuts {vamp, *Noise rPois SInv, unknown}
   (You found it on level 4 of the Dungeon)

   It inflicts no extra harm, but heals its wielder when it wounds a living foe.
   It protects you from poison.
   It lets you see invisible.
   It may make noises in combat.
Armour
 c - a +0 shield (worn)
 h - a +0 chain mail (worn)
 w - a +0 pair of boots
 B - the +1 pair of boots of the Eight Boll Weevils {rCorr Int+7 Stlth-}
   (You found it on level 4 of the Dungeon)

   It affects your intelligence (+7).
   It provides partial protection from all sources of acid and corrosion.
   It makes you less stealthy.
Jewellery
 b - an uncursed ring of resist corrosion {unknown}
 m - a cursed ring of poison resistance {unknown}
 n - an uncursed ring of see invisible {unknown}
 D - the ring of Luloyliodgh {+Blink MR+ Str-4 Dex+4 SInv, unknown}
   (You found it on level 6 of the Dungeon)

   [ring of see invisible]

   It affects your strength (-4).
   It affects your dexterity (+4).
   It affects your resistance to hostile enchantments.
   It lets you see invisible.
   It lets you blink.
 E - a +2 ring of intelligence {unknown}
Wands
 u - a wand of paralysis (4)
Scrolls
 i - a scroll of enchant armour {unknown}
 j - 3 scrolls of immolation {unknown}
 l - 5 scrolls of teleportation {unknown}
 o - 10 scrolls of identify
 q - 4 scrolls of magic mapping {unknown}
 t - 7 scrolls of remove curse {unknown}
 y - a scroll of random uselessness {unknown}
 z - 2 scrolls of noise {unknown}
 A - a scroll of blinking {unknown}
 H - a scroll of amnesia {unknown}
Potions
 d - 2 potions of might
 e - 5 potions of curing {unknown}
 g - 5 potions of heal wounds {unknown}
 k - 4 potions of flight {unknown}
 p - 3 potions of lignification {unknown}
 r - 5 potions of brilliance {unknown}
 s - 4 potions of berserk rage {unknown}
 x - 3 potions of agility {unknown}
 C - a potion of haste {unknown}
 F - a potion of degeneration {unknown}
 G - a potion of ambrosia {unknown}
 I - a potion of mutation {unknown}
Comestibles
 f - 18 rations
 J - 7 chunks of flesh


   Skills:
 + Level 5.5 Fighting
 * Level 8.6 Axes
 + Level 6.6 Armour
 + Level 5.5 Dodging
 + Level 6.7 Shields


You had 8 spell levels left.
You didn't know any spells.
Your spell library contained the following spells:

 Spells                   Type           Power        Failure   Level  Hunger
 Freeze                   Ice            #...         100%        1    ##.....
 Throw Frost              Conj/Ice       #.....       100%        2    ###....
 Ozocubu's Armour         Chrm/Ice       #.......     100%        3    ####...
 Summon Ice Beast         Ice/Summ       #.......     100%        4    #####..
 Throw Icicle             Conj/Ice       #.......     100%        4    #####..


Dungeon Overview and Level Annotations

Branches:
Dungeon (8/15)             Temple (1/1) D:7         Ossuary (visited)
   Lair: D:8-11

Altars:
Ashenzari
Cheibriados
Dithmenos
Elyvilon
Fedhas
Gozag
Hepliaklqana
Kikubaaqudgha
Makhleb
Nemelex Xobeh
Qazlal
Ru
Sif Muna
Trog
Uskayaw
Vehumet
Wu Jian
Xom
Yredelemnul
Zin
The Shining One

Shops:
D:6 [   D:7 *


Innate Abilities, Weirdness & Mutations

You are resistant to damage.
You can heal yourself by infusing magical energy.
You passively map the area around you.
You do not regenerate.


Message History

An ogre comes into view. It is wielding a +0 giant spiked club.
The ogre shouts!
There is a stone staircase leading up here.
As you read the scroll labeled BOETAERASEWN, it crumbles to dust.
It is a scroll of identify.
B - the +1 pair of boots of the Eight Boll Weevils {rCorr Int+7 Stlth-} You hit the ogre.
The ogre is lightly wounded.
An ogre comes into view. It is wielding a +0 giant club.
You block the ogre's attack.
You slash the ogre!
The ogre is severely wounded.
You slash the ogre!
The ogre is almost dead.
The ogre hits you with a +0 giant spiked club!!
* * * LOW HITPOINT WARNING * * *
Your shield and chain mail prevent you from hitting the ogre.
The ogre is almost dead.
The ogre hits you with a +0 giant spiked club!!
You die...

, ,* #.#*
##.# * *
#... , #.O#*
** #..# *
#..# * * *
*######.O# ,
.......@# ,
* *
**#########*
* * * , ,,,
,, , , * **
* ***


You could see 2 ogres.

Vanquished Creatures
  Prince Ribbit (D:7)
  A hungry ghost (D:7)
  A sky beast (D:6)
  An ice beast (D:5)
  A phantom (D:5)
  4 ogres
  A centaur (D:7)
  A big kobold (D:7)
  2 elf zombies (Ossuary)
  3 bullfrogs
  A scorpion (D:6)
  2 howler monkeys
  3 crimson imps
  2 centaur zombies (D:7)
  4 hounds
  8 orc priests
  2 iguanas
  11 orc wizards
  A bullfrog skeleton (D:4)
  3 worker ants
  A big kobold zombie (Ossuary)
  A hound zombie (Ossuary)
  2 hound skeletons
  4 mummies (Ossuary)
  4 adders
  2 shadow imps
  An ooze (D:2)
  3 adder zombies
  An adder skeleton (D:6)
  2 worms (D:3)
  3 leopard geckos
  24 orcs
  2 ball pythons
  3 giant cockroaches
  3 hobgoblins
  4 jackals
  7 kobolds
  3 quokkas
  8 bats
  4 frilled lizards
  2 gnoll zombies (Ossuary)
  5 goblins
  A goblin zombie (Ossuary)
  2 jackal zombies (Ossuary)
  A quokka skeleton (D:7)
  4 rats
  A rat zombie (Ossuary)
151 creatures vanquished.

Notes
Turn   | Place    | Note
-------+----------+-------------------------------------------
     0 | D:1      | Mrkan the Deep Dwarf Fighter began the quest for the Orb.
     0 | D:1      | Reached XP level 1. HP: 20/20 MP: 1/1
   234 | D:1      | Reached XP level 2. HP: 25/27 MP: 2/2
   689 | D:2      | Found a sparkling altar of Nemelex Xobeh.
   887 | D:2      | Reached skill level 1 in Dodging
   887 | D:2      | Reached XP level 3. HP: 21/33 MP: 3/3
  1062 | D:3      | Reached skill level 3 in Axes
  1068 | D:3      | Reached XP level 4. HP: 17/42 MP: 4/4
  1697 | D:4      | Reached XP level 5. HP: 29/49 MP: 5/5
  1733 | D:4      | Got a faintly glowing whip
  1749 | D:4      | Reached skill level 4 in Axes
  1809 | D:4      | You fall into a shaft and drop 3 floors!
  1809 | D:7      | Noticed an ogre
  1826 | D:7      | Reached XP level 6. HP: 24/56 MP: 6/6
  1864 | D:7      | Noticed a hungry ghost
  1902 | D:5      | Entered Level 5 of the Dungeon
  1902 | D:5      | Found a sand-covered staircase.
  1909 | Ossuary  | Entered an ossuary
  1938 | Ossuary  | Reached skill level 5 in Axes
  1947 | Ossuary  | Reached XP level 7. HP: 29/63 MP: 7/7
  2325 | D:4      | Found a glowing golden altar of the Shining One.
  2357 | D:4      | Reached skill level 5 in Shields
  2370 | D:4      | Got a pair of jewelled boots
  2814 | D:5      | Reached skill level 6 in Axes
  2814 | D:5      | Reached skill level 5 in Armour
  2875 | D:5      | Reached XP level 8. HP: 38/73 MP: 8/8
  3181 | D:6      | Found Ukla Tetot's Armour Boutique.
  3508 | D:6      | Found a burning altar of Makhleb.
  3510 | D:6      | Found a glowing golden altar of the Shining One.
  3789 | D:6      | Found a white marble altar of Elyvilon.
  3792 | D:6      | Found a blossoming altar of Fedhas.
  3912 | D:6      | Got a vibrating steel ring
  3987 | D:6      | Reached skill level 7 in Axes
  4074 | D:7      | Reached skill level 5 in Fighting
  4181 | D:7      | Gained mutation: You passively map the area around you.
                  | [Deep Dwarf growth]
  4181 | D:7      | Reached XP level 9. HP: 27/81 MP: 9/9
  4209 | D:7      | Found a hide-covered altar of Uskayaw.
  4209 | D:7      | Found a shimmering altar of Xom.
  4312 | D:7      | Reached skill level 5 in Dodging
  4336 | D:7      | Reached skill level 8 in Axes
  4340 | D:7      | Found a staircase to the Ecumenical Temple.
  4363 | Temple   | Entered the Ecumenical Temple
  4423 | Temple   | Became a worshipper of Trog the Wrathful
  4668 | D:7      | Found a sparkling altar of Nemelex Xobeh.
  4794 | D:7      | Found Zin's Purification Station.
  4799 | D:7      | Found a glowing silver altar of Zin.
  4876 | D:7      | Noticed Prince Ribbit
  4943 | D:7      | Killed Prince Ribbit
  5032 | D:8      | Identified the +1 pair of boots of the Eight Boll Weevils
                  | {rCorr Int+7 Stlth-} (You found it on level 4 of the
                  | Dungeon)
  5037 | D:8      | Slain by an ogre

Levels and vault maps discovered:
D:1:      wheals_arrival_shading, layout_rooms
D:2:      layout_basic, lemuel_round_altar
D:3:      layout_basic, minivault_14
D:4:      layout_rooms, tso_metal_star
D:5:      layout_rooms, enter_ossuary_1, first_ration
D:6:      layout_loops_corners, nicolae_overflow_hidden_temple, serial_shops,
          shop_statue
D:7:      layout_loops_cross, zin_purify, gammafunk_temple_overflow_wave,
          minmay_temple_entry_arrows, grunt_ogre_cave,
          nemelex_spade_bored_becter, uniq_prince_ribbit1
D:8:      layout_basic, lemuel_coloured_pillars_altar, enter_bailey_2
Temple:   cyrus_circular_temple

Skill      XL: |  1  2  3  4  5  6  7  8  9 |
---------------+----------------------------+-----
Dodging        | 1 2 3 4 5 |  5.5
Fighting       | 3 4 5 |  5.5
Axes           | 3 4 5 6 7 8 |  8.6
Shields        | 4 5 6 |  6.7
Armour         | 4 5 6 |  6.6

Action                   |  1- 3 |  4- 6 |  7- 9 || total
-------------------------+-------+-------+-------++-------
Melee: War axe           |   110 |   162 |   464 ||   736
 Abil: Heal Wounds       |       |     5 |    10 ||    15
  Use: Scroll            |       |       |     1 ||     1
  Eat: Chunk             |       |     4 |     9 ||    13
       Ration            |       |       |     2 ||     2
Armor: Chain mail        |    86 |   141 |   195 ||   422
       Scale mail        |     4 |       |       ||     4
Dodge: Dodged            |    28 |    57 |   111 ||   196
Block: Shield            |    69 |   109 |   232 ||   410
